 Dungeon Crawl Stone Soup version 0.27.0-1-g7a089689b8 (webtiles) character file.

Game seed: 5378456668198621193

28 Spectrina the Magician (level 3, 0/25 HPs)
             Began as a Djinni Necromancer on Aug 17, 2021.
             Was a Follower of the Shining One.
             Slain by a bat (1 damage)
             ... on level 1 of the Dungeon.
             The game lasted 00:06:06 (525 turns).

Spectrina the Magician (Djinni Necromancer)          Turns: 525, Time: 00:06:06

Health: 0/25       AC:  3    Str:  5 (7)  XL:     3   Next: 27%
Gold:   56         EV: 12    Int: 16 (17) God:    the Shining One [*.....] SH:  0 Dex: 12 (13)

rFire    + . .     SeeInvis .   c - +0 short sword
rCold    . . .     Faith    .   (no shield)
rNeg     . . .     Spirit   .   a - +0 robe
rPois    ∞         Reflect  .   g - +0 helmet
rElec    .         Harm     .   (no cloak)
rCorr    .         Rampage  .   (no gloves)
Will     .....                  (boots unavailable)
Stlth    +.........             (no amulet)
HPRegen  0.08/turn              i - ring of wizardry
MPRegen  0.00/turn              j - ring of ice

@: flying, glowing
A: sickness immunity, fire resistance 2, cold vulnerability 1, float, innate
caster, hp casting, extra vitality 1
a: Renounce Religion


You were on level 1 of the Dungeon.
You worshipped the Shining One.
The Shining One was aware of your devotion.
You visited 1 branch of the dungeon, and saw 2 of its levels.

You collected 56 gold pieces.

Inventory:

Hand Weapons
 c - a +0 short sword (weapon)
 d - a +0 short sword
 e - a +0 dagger
Missiles
 b - 74 stones (quivered)
Armour
 a - a +0 robe (worn)
 g - a +0 helmet (worn)
Jewellery
 i - a ring of wizardry (left hand)
 j - a ring of ice (right hand)
Scrolls
 f - a scroll of teleportation {unknown}
 h - a scroll of immolation {unknown}


   Skills:
 - Level 2.1 Dodging
 - Level 1.5 Stealth
 + Level 4.0 Spellcasting


You couldn't memorise any spells.
You knew the following spells:

 Your Spells              Type           Power      Damage    Failure   Level
a - Pain                  Necr           64%        1d7       1%          1
e - Agony                 Necr           16%        N/A       32%         5
f - Vampiric Draining     Necr           8%         2d7       4%          3
o - Animate Dead          Necr           8%         N/A       13%         4
p - Animate Skeleton      Necr           32%        N/A       1%          1
w - Corona                Hex            17%        N/A       1%          1
Your spell library was empty.

Dungeon Overview and Level Annotations

Branches:
Dungeon (2/15)

Altars:
The Shining One


Innate Abilities, Weirdness & Mutations

You are immune to sickness and miasma.
You are immune to poison.
Your flesh is very heat resistant. (rF++)
You are vulnerable to cold. (rC-)
You float through the air rather than walking.
You learn spells naturally, not from books.
Your magical power is your life essence.
You have superior vitality. (+4 HP)


Message History

The jackal bites you.
* * * LOW HITPOINT WARNING * * *
The jackal misses you.
You barely miss the jackal.
The jackal is moderately wounded.
The jackal closely misses you.
You hit the jackal.
You kill the jackal!
Your Spellcasting skill increases to level 4!
Items here: ) †††.
d - a +0 short sword You now have 56 gold pieces (gained 10).
A bat comes into view.
There are no items here.
Casting: Pain (safe; 1% risk of failure)
Confirm with . or Enter, or press ? or * to list all spells.
Aiming: Corona (safe; 1% risk of failure)
Press: ? - help, Shift-Dir - straight line, f - bat
Aim: a bat (chance to affect: 71%)
The bat is outlined in light.
* * * LOW HITPOINT WARNING * * *
A bat comes into view.
The bat hits you but does no damage.
You hit the bat but do no damage. The bat hits you but does no damage.
The bat hits you.
* * * LOW HITPOINT WARNING * * *
Unknown command.
You hit the bat.
The bat is moderately wounded.
The bat closely misses you. The bat hits you.
The Shining One protects you from harm! The bat closely misses you.
The bat barely misses you.
Unknown command.
You hit the bat.
You kill the bat!
The bat hits you but does no damage.
You hit the bat.
The bat is moderately wounded.
The bat hits you.
You die...

*,*,* #................#*..# *,*#
*,*,**#############.####*#.# *,*
*,*,,,,,,,*,,,,,..#.# *.# *,*
*,*,*****,,,****#.#.# *.# *,*
*,*,,,,,.####** #.#.# *.#**,**
*,*,***,......* #.#.#*****^,**,,,
*,,,,,,,......###†#.#,,,,,,,,,,,,
***,,,*,*,#.......#.#,*****,*****
***,*,*,#.#.†b@.#.#,*,,,,,,*,,,
*,*,*,,,#.###.#.#,*,****,,,,.
*****,*,****#,#.....#,,,,,,,,*,*,
,,,,,,*,,,,.....#.###,*,*,**,,,*,
,**********##!###..,,,*,,,,,,,,*,
,****** *,..,,,.##+*****,**,,,*,
,,,,,,* *.#*,*.#*≈,,** *,,*,*,*,
,***,** *,**,#.,*≈,,,***,**,#.,,
,,**,* *,**,#,,#≈≈...**,,,,#...


You could see a bat.

Vanquished Creatures
  An adder (D:2)
  A dart slug (D:2)
  2 goblins (D:1)
  A hobgoblin (D:2)
  3 jackals (D:1)
  A quokka (D:1)
  2 bats
  3 frilled lizards
  A kobold (D:1)
  3 rats
18 creatures vanquished.

Vanquished Creatures (others)
  A fungus (D:1)
1 creature vanquished.

Grand Total: 19 creatures vanquished

Notes
Turn   | Place    | Note
-------+----------+-------------------------------------------
     0 | D:1      | Spectrina the Djinni Necromancer began the quest for the
                  | Orb.
     0 | D:1      | Reached XP level 1. HP: 15/15 MP: 0/0
    69 | D:2      | Reached XP level 2. HP: 7/21 MP: 0/0
   342 | D:2      | Reached XP level 3. HP: 2/25 MP: 0/0
   342 | D:2      | Learned a level 1 spell: Corona
   404 | D:1      | Found a faded altar of an unknown god.
   411 | D:1      | Became a worshipper of the Shining One
   411 | D:1      | Reached * piety under the Shining One
   515 | D:1      | Reached skill level 4 in Spellcasting
   521 | D:1      | HP: 1/25 [bat (1)]
   522 | D:1      | The Shining One protects you from harm!
   525 | D:1      | Slain by a bat

Illustrated notes

Levels and vault maps discovered:
D:1:      tarquinn_simple_flora_water_c, layout_basic,
          dreamdust_ecumenical_altar_hidden_monk_grotto, minmay_pentomino_q2
D:2:      layout_rooms, basic_altar

Skill      XL: |  1  2  3 |
---------------+----------+-----
Spellcasting   | 4 |  4.0
Dodging        | |  2.1
Stealth        | |  1.5

Action                   || total
-------------------------++-------
Melee: Dagger            ||    20
       Short sword       ||    25
Throw: Stone             ||     5
 Cast: Pain              ||    16
       Animate Skeleton  ||     1
       Corona            ||     1
  Use: Scroll            ||     2
       Potion            ||     2
 Stab: Sleeping          ||     1
Armor: Robe              ||    11
Dodge: Dodged            ||    38
